TOP OF THE 1ST |
Portland Sea Dogs batting - Pitching for Trenton Thunder : RHP George Rosario
|
Pitching: RHP George Rosario
|
|
Batting: RHB Sal Rivera
|
0-0: Ball 1-0: Swinging Strike 1-1: Foul Ball, location: 2F 1-2: Foul Ball, location: 2F 1-2: Ground out 6-3 (Groundball, 6S, EV 88.1 MPH)
|
Batting: RHB Mike Batko
|
0-0: Swinging Strike 0-1: Swinging Strike 0-2: Ball 1-2: Ground out 5-3 (Groundball, 5, EV 82.5 MPH)
|
Batting: RHB Ernie Genier
|
0-0: Ball 1-0: Ground out 3-1 (Groundball, 34S, EV 81.2 MPH)
|
Top of the 1st over - 0 runs, 0 hits, 0 errors, 0 left on base; Portland 0 - Trenton 0 |
BOTTOM OF THE 1ST |
Trenton Thunder batting - Pitching for Portland Sea Dogs : LHP Jason Salzer
|
Pitching: LHP Jason Salzer
|
|
Batting: RHB Jonathan Iniguez
|
0-0: Called Strike 0-1: Ball 1-1: Swinging Strike 1-2: Strikes out swinging
|
Batting: RHB Phil Reeves
|
0-0: Swinging Strike 0-1: Ball 1-1: SINGLE (Groundball, 6D, EV 102.5 MPH)
|
Batting: RHB Sam Hubbert
|
0-0: Ball 1-0: Called Strike Phil Reeves is caught stealing 2nd base 2-4 1-1: Ball 2-1: Ball 3-1: SINGLE (Groundball, 6D, EV 95.0 MPH)
|
Batting: SHB Corey Penson
|
0-0: Ball 1-0: Called Strike 1-1: Swinging Strike 1-2: Fly out, F7 (Line Drive, 78M, EV 91.2 MPH)
|
Bottom of the 1st over - 0 runs, 2 hits, 0 errors, 1 left on base; Portland 0 - Trenton 0 |
TOP OF THE 2ND |
Portland Sea Dogs batting - Pitching for Trenton Thunder : RHP George Rosario
|
Batting: RHB Larry Brocato
|
0-0: Foul Ball, location: 2F 0-1: Ball 1-1: Swinging Strike 1-2: Ball 2-2: Foul Ball, location: 2F 2-2: Foul Ball, location: 2F 2-2: Ground out 4-3 (Groundball, 34D, EV 85.6 MPH)
|
Batting: RHB Travis Campbell
|
0-0: Ball 1-0: Ball 2-0: Swinging Strike 2-1: Ball 3-1: Base on Balls
|
Batting: LHB Keith Rice
|
0-0: Foul Ball, location: 2F 0-1: Ball 1-1: SINGLE (Groundball, P, EV 81.9 MPH) (infield hit) Travis Campbell to second
|
Batting: RHB Miguel Villanueva
|
0-0: Ball 1-0: Fly out, F7 (Flyball, 78S, EV 95.0 MPH)
|
Batting: LHB Dave Reyes
|
0-0: Called Strike 0-1: Ball 1-1: DOUBLE (Line Drive, 7LM, EV 103.1 MPH) Travis Campbell scores Keith Rice to third
|
Batting: RHB Raul Sanchez
|
0-0: Foul Ball, location: 2F 0-1: Ball 1-1: Ball 2-1: Foul Ball, location: 2F 2-2: Ground out 6-3 (Groundball, 6, EV 104.4 MPH)
|
Top of the 2nd over - 1 run, 2 hits, 0 errors, 2 left on base; Portland 1 - Trenton 0 |
BOTTOM OF THE 2ND |
Trenton Thunder batting - Pitching for Portland Sea Dogs : LHP Jason Salzer
|
Batting: LHB Jared Zulkowski
|
0-0: Ball 1-0: Swinging Strike 1-1: Swinging Strike 1-2: Ball 2-2: Strikes out looking
|
Batting: SHB David Stewart
|
0-0: Ball 1-0: Ball 2-0: Swinging Strike 2-1: Swinging Strike 2-2: Strikes out looking
|
Batting: RHB Bryan Westray
|
0-0: Swinging Strike 0-1: Ball 1-1: Foul Ball, location: 2F 1-2: Ball 2-2: DOUBLE (Flyball, 8LXD, EV 108.1 MPH)
|
Batting: RHB Christian Shearer
|
0-0: Foul Ball, location: 2F 0-1: Swinging Strike 0-2: Strikes out looking
|
Bottom of the 2nd over - 0 runs, 1 hit, 0 errors, 1 left on base; Portland 1 - Trenton 0 |
TOP OF THE 3RD |
Portland Sea Dogs batting - Pitching for Trenton Thunder : RHP George Rosario
|
Batting: RHB Sal Rivera
|
0-0: Ball 1-0: Called Strike 1-1: Foul Ball, location: 2F 1-2: Foul Ball, location: 2F 1-2: Foul Ball, location: 2F 1-2: Ball 2-2: Strikes out swinging
|
Batting: RHB Mike Batko
|
0-0: Foul Ball, location: 2F 0-1: Ball 1-1: DOUBLE (Flyball, 89D, EV 95.6 MPH)
|
Batting: RHB Ernie Genier
|
0-0: Called Strike 0-1: DOUBLE (Groundball, 3L, EV 105.6 MPH) Mike Batko scores
|
Batting: RHB Larry Brocato
|
0-0: Called Strike 0-1: Called Strike 0-2: Strikes out swinging
|
Batting: RHB Travis Campbell
|
0-0: Called Strike 0-1: Ball 1-1: Fly out, F5 (Flyball, 5D, EV 87.5 MPH)
|
Top of the 3rd over - 1 run, 2 hits, 0 errors, 1 left on base; Portland 2 - Trenton 0 |
BOTTOM OF THE 3RD |
Trenton Thunder batting - Pitching for Portland Sea Dogs : LHP Jason Salzer
|
Batting: SHB Houston Phillips
|
0-0: Called Strike 0-1: Foul Ball, location: 2F 0-2: Ball 1-2: Fly out, F8 (Flyball, 8LXD, EV 88.1 MPH)
|
Batting: RHB Jonathan Iniguez
|
0-0: Ball 1-0: SINGLE (Flyball, 4D, EV 91.9 MPH)
|
Batting: RHB Phil Reeves
|
0-0: Ball Jonathan Iniguez steals 2nd base 1-0: Swinging Strike 1-1: Foul Ball, location: 2F 1-2: Foul Ball, location: 2F 1-2: Ball 2-2: Foul Ball, location: 2F 2-2: DOUBLE (Line Drive, 3D, EV 100.0 MPH) Jonathan Iniguez scores
|
Batting: RHB Sam Hubbert
|
0-0: Ball 1-0: Foul Ball, location: 2F 1-1: Ball 2-1: SINGLE (Groundball, 34D, EV 101.9 MPH) Phil Reeves to third
|
Batting: SHB Corey Penson
|
0-0: Called Strike 0-1: Fly out, F7 (Flyball, 7D, EV 76.9 MPH) Runner from 3rd tags up, SCORES, no throw by LF
|
Batting: LHB Jared Zulkowski
|
0-0: Ball 1-0: Ball 2-0: Called Strike 2-1: Ball 3-1: Fly out, F8 (Flyball, 8LS, EV 86.9 MPH)
|
Bottom of the 3rd over - 2 runs, 3 hits, 0 errors, 1 left on base; Portland 2 - Trenton 2 |
TOP OF THE 4TH |
Portland Sea Dogs batting - Pitching for Trenton Thunder : RHP George Rosario
|
Batting: LHB Keith Rice
|
0-0: Swinging Strike 0-1: SINGLE (Groundball, 34D, EV 94.4 MPH)
|
Batting: RHB Miguel Villanueva
|
0-0: SINGLE (Line Drive, 7S, EV 101.9 MPH) Keith Rice to second
|
Batting: LHB Dave Reyes
|
0-0: Fielders Choice at 2nd, 1-4 (Groundball, 15S, EV 61.9 MPH) Keith Rice to third
|
Batting: RHB Raul Sanchez
|
0-0: Ball Dave Reyes steals 2nd base 1-0: Swinging Strike 1-1: Ball 2-1: Foul Ball, location: 2F 2-2: Ground out 3-1 (Groundball, 34, EV 90.0 MPH) Keith Rice scores Dave Reyes to third
|
Batting: RHB Sal Rivera
|
0-0: Swinging Strike 0-1: Ball 1-1: Called Strike 1-2: Ball 2-2: Ground out 6-3 (Groundball, 6, EV 96.9 MPH)
|
Top of the 4th over - 1 run, 2 hits, 0 errors, 1 left on base; Portland 3 - Trenton 2 |
BOTTOM OF THE 4TH |
Trenton Thunder batting - Pitching for Portland Sea Dogs : LHP Jason Salzer
|
Batting: SHB David Stewart
|
0-0: Ball 1-0: Fly out, F9 (Flyball, 9LS, EV 90.0 MPH)
|
Batting: RHB Bryan Westray
|
0-0: Fly out, F8 (Line Drive, 8LM, EV 101.2 MPH)
|
Batting: RHB Christian Shearer
|
0-0: Swinging Strike 0-1: Foul Ball, location: 2F 0-2: Ball 1-2: Strikes out looking
|
Bottom of the 4th over - 0 runs, 0 hits, 0 errors, 0 left on base; Portland 3 - Trenton 2 |
TOP OF THE 5TH |
Portland Sea Dogs batting - Pitching for Trenton Thunder : RHP George Rosario
|
Batting: RHB Mike Batko
|
0-0: Ball 1-0: Called Strike 1-1: SINGLE (Line Drive, 6D, EV 105.6 MPH)
|
Batting: RHB Ernie Genier
|
0-0: Ball 1-0: Called Strike 1-1: Foul Ball, location: 2F 1-2: Foul Ball, location: 2F 1-2: Ball 2-2: Strikes out swinging
|
Batting: RHB Larry Brocato
|
0-0: Ball 1-0: Ball 2-0: Ball 3-0: Fly out, F9 (Flyball, 9D, EV 90.6 MPH)
|
Batting: RHB Travis Campbell
|
0-0: SINGLE (Groundball, 6MD, EV 93.8 MPH) Mike Batko to second Runner from 2nd tries for 3rd, SAFE, throw by CF made to third
|
Batting: LHB Keith Rice
|
0-0: Ball 1-0: Swinging Strike 1-1: Ball 2-1: Fielders Choice at 2nd, 5-4 (Groundball, 56, EV 103.8 MPH)
|
Top of the 5th over - 0 runs, 2 hits, 0 errors, 2 left on base; Portland 3 - Trenton 2 |
BOTTOM OF THE 5TH |
Trenton Thunder batting - Pitching for Portland Sea Dogs : LHP Jason Salzer
|
Batting: SHB Houston Phillips
|
0-0: Fly out, F6 (Line Drive, 6, EV 70.0 MPH)
|
Batting: RHB Jonathan Iniguez
|
0-0: Called Strike 0-1: Ball 1-1: Ball 2-1: Called Strike 2-2: Ball 3-2: Base on Balls
|
Batting: RHB Phil Reeves
|
0-0: Hit by Pitch Jonathan Iniguez to second
|
Batting: RHB Sam Hubbert
|
0-0: Called Strike 0-1: Ball 1-1: Fly out, F3 (Popup, 34, EV 61.2 MPH)
|
Batting: SHB Corey Penson
|
0-0: SINGLE (Line Drive, 9LS, EV 109.4 MPH) Jonathan Iniguez to third Phil Reeves to second Runner from 3rd tries for Home, throw by RF and OUT! 9-2
|
Bottom of the 5th over - 0 runs, 1 hit, 0 errors, 2 left on base; Portland 3 - Trenton 2 |
TOP OF THE 6TH |
Portland Sea Dogs batting - Pitching for Trenton Thunder : RHP George Rosario
|
Batting: RHB Miguel Villanueva
|
0-0: Ball 1-0: Called Strike 1-1: Swinging Strike 1-2: Foul Ball, location: 2F 1-2: Strikes out looking
|
Batting: LHB Dave Reyes
|
0-0: Called Strike 0-1: Ball 1-1: Called Strike 1-2: Foul Ball, location: 2F 1-2: Foul Ball, location: 2F 1-2: Ball 2-2: Strikes out swinging
|
Batting: RHB Raul Sanchez
|
0-0: Foul Ball, location: 2F 0-1: SINGLE (Line Drive, 9S, EV 102.5 MPH)
|
Pitching: RHP Jarred Sharp
|
|
Batting: RHB Sal Rivera
|
0-0: Ball 1-0: Called Strike 1-1: Foul Ball, location: 2F 1-2: Foul Ball, location: 2F 1-2: Ball 2-2: Ball 3-2: Reached on error, E6 (Groundball, 56, EV 92.5 MPH) Raul Sanchez to second
|
Batting: RHB Mike Batko
|
0-0: SINGLE (Groundball, 6MD, EV 101.9 MPH) Raul Sanchez to third Sal Rivera to second Runner from 3rd tries for Home, SAFE, throw by CF to trailing runner, OUT at third! 8-3-5
|
Top of the 6th over - 1 run, 2 hits, 1 error, 1 left on base; Portland 4 - Trenton 2 |
BOTTOM OF THE 6TH |
Trenton Thunder batting - Pitching for Portland Sea Dogs : LHP Jason Salzer
|
Batting: LHB Jared Zulkowski
|
0-0: Ground out 4-3 (Groundball, 4, EV 88.8 MPH)
|
Batting: SHB David Stewart
|
0-0: Called Strike 0-1: Foul Ball, location: 2F 0-2: Ball 1-2: Ball 2-2: Foul Ball, location: 2F 2-2: Ball 3-2: SINGLE (Groundball, 4M, EV 98.8 MPH) (infield hit)
|
Batting: RHB Bryan Westray
|
0-0: Ball 1-0: Ball 2-0: Ball 3-0: Base on Balls David Stewart to second
|
Batting: RHB Christian Shearer
|
0-0: Called Strike 0-1: Swinging Strike 0-2: Strikes out swinging
|
Batting: SHB Houston Phillips
|
0-0: Ball 1-0: Foul Ball, location: 2F 1-1: Ball 2-1: Fielders Choice at 2nd, U6 (Groundball, 6M, EV 100.6 MPH)
|
Bottom of the 6th over - 0 runs, 1 hit, 0 errors, 2 left on base; Portland 4 - Trenton 2 |
TOP OF THE 7TH |
Portland Sea Dogs batting - Pitching for Trenton Thunder : RHP Jarred Sharp
|
Batting: RHB Ernie Genier
|
0-0: Foul Ball, location: 2F 0-1: Ground out 1-3 (Groundball, 13S, EV 70.6 MPH)
|
Batting: RHB Larry Brocato
|
0-0: Swinging Strike 0-1: Ground out 6-3 (Groundball, 6, EV 79.4 MPH)
|
Batting: RHB Travis Campbell
|
0-0: Ball 1-0: Ground out 5-3 (Groundball, 5, EV 88.1 MPH)
|
Top of the 7th over - 0 runs, 0 hits, 0 errors, 0 left on base; Portland 4 - Trenton 2 |
BOTTOM OF THE 7TH |
Trenton Thunder batting - Pitching for Portland Sea Dogs : LHP Jason Salzer
|
Batting: RHB Jonathan Iniguez
|
0-0: Ball 1-0: Ball 2-0: Ball 3-0: Called Strike 3-1: Base on Balls
|
Pitching: RHP Chris Cory
|
|
Batting: RHB Phil Reeves
|
0-0: Hit by Pitch Jonathan Iniguez to second
|
Batting: RHB Sam Hubbert
|
0-0: Ball 1-0: Ball 2-0: Ball 3-0: Called Strike 3-1: Foul Ball, location: 2F 3-2: Hit by Pitch Jonathan Iniguez to third Phil Reeves to second
|
Batting: SHB Corey Penson
|
0-0: Ball 1-0: Foul Ball, location: 2F 1-1: Ball 2-1: SINGLE (Line Drive, 4M, EV 106.2 MPH) Jonathan Iniguez scores Phil Reeves to third Sam Hubbert to second
|
Batting: LHB Jared Zulkowski
|
0-0: Ball 1-0: Swinging Strike 1-1: Swinging Strike 1-2: Strikes out swinging
|
Batting: SHB David Stewart
|
0-0: Foul Ball, location: 2F 0-1: Fly out, F8 (Flyball, 8RXD, EV 93.8 MPH) Runner from 3rd tags up, SCORES, no throw by CF
|
Pinch Hitting: LHB Dale Anderson
|
0-0: Called Strike 0-1: Ball 1-1: Called Strike 1-2: Foul Ball, location: 2F 1-2: Ball 2-2: Fly out, F9 (Flyball, 89M, EV 85.0 MPH)
|
Bottom of the 7th over - 2 runs, 1 hit, 0 errors, 2 left on base; Portland 4 - Trenton 4 |
TOP OF THE 8TH |
Portland Sea Dogs batting - Pitching for Trenton Thunder : RHP Jarred Sharp
|
Now in LF: Dale Anderson
|
|
Batting: LHB Keith Rice
|
0-0: DOUBLE (Groundball, 3L, EV 96.2 MPH)
|
Pinch Hitting: LHB Julian Toney
|
0-0: Intentional Walk
|
Batting: LHB Dave Reyes
|
0-0: Sac Bunt to 15 - play at first, batter OUT! 1-4 Keith Rice to third Julian Toney to second
|
Pinch Hitting: LHB Aaron Brannon
|
0-0: Called Strike 0-1: Fly out, F7 (Line Drive, 7, EV 94.4 MPH) Runner from 3rd tags up, SCORES, throw by LF
|
Batting: RHB Sal Rivera
|
0-0: Ground out 6-3 (Groundball, 6D, EV 106.2 MPH)
|
Top of the 8th over - 1 run, 1 hit, 0 errors, 1 left on base; Portland 5 - Trenton 4 |
BOTTOM OF THE 8TH |
Trenton Thunder batting - Pitching for Portland Sea Dogs : RHP Chris Cory
|
Pitching: RHP Joseph Anderson
|
|
Now at C: Pat Bulger
|
|
Now in RF: Julian Toney
|
|
Pinch Hitting: LHB Justin O'Neal
|
0-0: Hit by Pitch
|
Batting: SHB Houston Phillips
|
0-0: Ball 1-0: Bunt missed! 1-1: Bunt missed! 1-2: Fielders Choice at 2nd, 6-4 (Groundball, 6, EV 101.2 MPH)
|
Batting: RHB Jonathan Iniguez
|
0-0: Ball 1-0: Ball 2-0: Ball 3-0: Called Strike 3-1: Swinging Strike 3-2: Strikes out looking
|
Batting: RHB Phil Reeves
|
0-0: Foul Ball, location: 2F 0-1: Ball 1-1: Ball 2-1: Fly out, F8 (Flyball, 8RD, EV 100.0 MPH)
|
Bottom of the 8th over - 0 runs, 0 hits, 0 errors, 1 left on base; Portland 5 - Trenton 4 |
TOP OF THE 9TH |
Portland Sea Dogs batting - Pitching for Trenton Thunder : RHP Jarred Sharp
|
Pitching: RHP Howie Seidler
|
|
Now at 3B: Justin O'Neal
|
|
Batting: RHB Mike Batko
|
0-0: Called Strike 0-1: Hit by Pitch
|
Batting: RHB Ernie Genier
|
0-0: Foul Ball, location: 2F 0-1: Grounds into double play, 6-4-3 (Groundball, 6, EV 85.0 MPH)
|
Batting: RHB Larry Brocato
|
0-0: Ball 1-0: Foul Ball, location: 2F 1-1: DOUBLE (Line Drive, 89D, EV 111.2 MPH)
|
Batting: RHB Travis Campbell
|
0-0: Ball 1-0: Called Strike 1-1: Ball 2-1: Foul Ball, location: 2F 2-2: Strikes out swinging
|
Top of the 9th over - 0 runs, 1 hit, 0 errors, 1 left on base; Portland 5 - Trenton 4 |
BOTTOM OF THE 9TH |
Trenton Thunder batting - Pitching for Portland Sea Dogs : RHP Joseph Anderson
|
Pitching: RHP Elliot Monroe
|
|
Batting: RHB Sam Hubbert
|
0-0: Ball 1-0: Ground out 6-3 (Groundball, 6, EV 85.0 MPH)
|
Batting: SHB Corey Penson
|
0-0: Ball 1-0: Swinging Strike 1-1: Called Strike 1-2: Ball 2-2: Ball 3-2: Ground out U3 (Groundball, 34, EV 95.0 MPH)
|
Batting: LHB Jared Zulkowski
|
0-0: Swinging Strike 0-1: Called Strike 0-2: DOUBLE (Flyball, 8LXD, EV 97.5 MPH)
|
Pinch Runner at 2nd Elmar Adenauer:
|
|
Batting: SHB David Stewart
|
0-0: Called Strike 0-1: Foul Ball, location: 2F 0-2: Ball 1-2: Ball 2-2: Ball 3-2: Foul Ball, location: 2F 3-2: Foul Ball, location: 2F 3-2: Foul Ball, location: 2F 3-2: SINGLE (Flyball, 8LS, EV 95.6 MPH) Elmar Adenauer to third Runner from 3rd tries for Home, SAFE, throw by CF to home David Stewart to second
|
Batting: LHB Dale Anderson
|
0-0: Ball 1-0: Swinging Strike 1-1: Fly out, F7 (Flyball, 7LSF, EV 85.0 MPH)
|
Bottom of the 9th over - 1 run, 2 hits, 0 errors, 1 left on base; Portland 5 - Trenton 5 |
TOP OF THE 10TH |
Portland Sea Dogs batting - Pitching for Trenton Thunder : RHP Howie Seidler
|
Pitching: RHP Antonio Castillo
|
|
Now at C: Javier Umanzor
|
|
Batting: LHB Keith Rice
|
0-0: Ball 1-0: Foul Ball, location: 2F 1-1: Swinging Strike 1-2: Strikes out looking
|
Batting: LHB Julian Toney
|
0-0: Swinging Strike 0-1: Foul Ball, location: 2F 0-2: Ball 1-2: Ball 2-2: Strikes out swinging
|
Batting: LHB Dave Reyes
|
0-0: Swinging Strike 0-1: Swinging Strike 0-2: Foul Ball, location: 2F 0-2: Ball 1-2: Ball 2-2: Fly out, F7 (Line Drive, 7S, EV 100.0 MPH)
|
Top of the 10th over - 0 runs, 0 hits, 0 errors, 0 left on base; Portland 5 - Trenton 5 |
BOTTOM OF THE 10TH |
Trenton Thunder batting - Pitching for Portland Sea Dogs : RHP Elliot Monroe
|
Batting: LHB Justin O'Neal
|
0-0: Ball 1-0: Called Strike 1-1: Ball 2-1: Foul Ball, location: 2F 2-2: Strikes out looking
|
Batting: SHB Houston Phillips
|
0-0: Swinging Strike 0-1: Swinging Strike 0-2: Reached on error, E4 (Groundball, 4, EV 86.2 MPH)
|
Batting: RHB Jonathan Iniguez
|
0-0: Foul Ball, location: 2F 0-1: Reached on error, E6 (Groundball, 6S, EV 78.1 MPH) Houston Phillips to second
|
Batting: RHB Phil Reeves
|
0-0: Called Strike 0-1: Ball 1-1: Foul Ball, location: 2F 1-2: Ball 2-2: Strikes out swinging
|
Batting: RHB Sam Hubbert
|
0-0: Ball 1-0: Ball 2-0: Called Strike 2-1: Called Strike 2-2: Foul Ball, location: 2F 2-2: Strikes out swinging
|
Bottom of the 10th over - 0 runs, 0 hits, 2 errors, 2 left on base; Portland 5 - Trenton 5 |
TOP OF THE 11TH |
Portland Sea Dogs batting - Pitching for Trenton Thunder : RHP Antonio Castillo
|
Pinch Hitting: LHB Sergio Tinoco
|
0-0: Called Strike 0-1: Ball 1-1: Foul Ball, location: 2F 1-2: Ball 2-2: Fly out, F5 (Popup, 5SF, EV 76.2 MPH)
|
Batting: RHB Sal Rivera
|
0-0: Ball 1-0: Swinging Strike 1-1: Called Strike 1-2: Ball 2-2: Ball 3-2: SINGLE (Groundball, 5L, EV 94.4 MPH)
|
Pitching: RHP David Durr
|
|
Batting: RHB Mike Batko
|
0-0: Called Strike 0-1: Ball Sal Rivera steals 2nd base 1-1: Ground out 1-3 (Groundball, 25, EV 66.2 MPH)
|
Batting: RHB Ernie Genier
|
0-0: Foul Ball, location: 2F 0-1: Ground out 4-3 (Groundball, 4, EV 78.1 MPH)
|
Top of the 11th over - 0 runs, 1 hit, 0 errors, 1 left on base; Portland 5 - Trenton 5 |
BOTTOM OF THE 11TH |
Trenton Thunder batting - Pitching for Portland Sea Dogs : RHP Elliot Monroe
|
Pitching: LHP Jon Convery
|
|
Now at C: Alex Melendez
|
|
Batting: SHB Corey Penson
|
0-0: Ball 1-0: Foul Ball, location: 2F 1-1: SINGLE (Line Drive, 34, EV 100.0 MPH)
|
Batting: RHB Javier Umanzor
|
0-0: Called Strike 0-1: Foul Ball, location: 2F 0-2: Foul Ball, location: 2F 0-2: Ball 1-2: Ball 2-2: Strikes out swinging
|
Batting: SHB David Stewart
|
0-0: Foul Ball, location: 2F 0-1: Ball 1-1: Ball 2-1: Ball Balk! Corey Penson to second 3-1: Foul Ball, location: 2F 3-2: Strikes out swinging
|
Pinch Hitting: RHB Greg Harden
|
0-0: Intentional Walk
|
Batting: LHB Justin O'Neal
|
0-0: Called Strike 0-1: Swinging Strike 0-2: Strikes out looking
|
Bottom of the 11th over - 0 runs, 1 hit, 0 errors, 2 left on base; Portland 5 - Trenton 5 |
TOP OF THE 12TH |
Portland Sea Dogs batting - Pitching for Trenton Thunder : RHP David Durr
|
Now in LF: Greg Harden
|
|
Batting: RHB Larry Brocato
|
0-0: Ground out 5-3 (Groundball, 56S, EV 66.9 MPH)
|
Batting: RHB Travis Campbell
|
0-0: SINGLE (Groundball, 34D, EV 103.1 MPH)
|
Batting: LHB Keith Rice
|
0-0: Called Strike 0-1: Swinging Strike 0-2: Ball 1-2: Ball 2-2: Ball 3-2: SINGLE (Groundball, 5L, EV 98.8 MPH) Travis Campbell to second
|
Batting: LHB Julian Toney
|
0-0: Called Strike 0-1: Ball 1-1: Ball Wild Pitch! Travis Campbell to third Keith Rice to second 2-1: Intentional Walk
|
Batting: LHB Dave Reyes
|
0-0: Ball 1-0: Foul Ball, location: 2F 1-1: Grounds into fielders choice 5-2 (Groundball, 5, EV 103.8 MPH) Keith Rice to third Julian Toney to second
|
Batting: RHB Alex Melendez
|
0-0: Ball 1-0: DOUBLE (Flyball, 8LXD, EV 95.0 MPH) Keith Rice scores Julian Toney scores Dave Reyes to third Runner from 3rd tries for Home, SAFE, throw by CF to trailing runner, SAFE at third!
|
Pitching: RHP Joe Shaw
|
|
Batting: RHB Sal Rivera
|
0-0: SINGLE (Groundball, 3D, EV 93.8 MPH) Alex Melendez scores
|
Batting: RHB Mike Batko
|
0-0: Ball 1-0: Called Strike Sal Rivera steals 2nd base (no throw) 1-1: Swinging Strike 1-2: Strikes out swinging
|
Top of the 12th over - 4 runs, 4 hits, 0 errors, 1 left on base; Portland 9 - Trenton 5 |
BOTTOM OF THE 12TH |
Trenton Thunder batting - Pitching for Portland Sea Dogs : LHP Jon Convery
|
Batting: SHB Houston Phillips
|
0-0: Ground out 4-3 (Groundball, 4, EV 78.8 MPH)
|
Batting: RHB Jonathan Iniguez
|
0-0: Ball 1-0: Ball 2-0: Fly out, F4 (Popup, 4M, EV 75.6 MPH)
|
Batting: RHB Phil Reeves
|
0-0: Called Strike 0-1: Called Strike 0-2: Foul Ball, location: 2F 0-2: Ball 1-2: Strikes out swinging
|
Bottom of the 12th over - 0 runs, 0 hits, 0 errors, 0 left on base; Portland 9 - Trenton 5 |
|